 Dungeon Crawl Stone Soup version 0.30-a0-883-g5ad918d77d (webtiles) character file.

Game seed: 16076451902897539686

191231 Pooter the Marksdemonspawn (level 18, -10/219 (223) HPs)
             Began as a Demonspawn Berserker on Mar 15, 2023.
             Was a High Priest of Trog.
             Asphyxiated
             ... on level 2 of the Snake Pit on Mar 17, 2023.
             The game lasted 04:30:41 (58707 turns).

Pooter the Marksdemonspawn (Demonspawn Berserker)  Turns: 58707, Time: 04:30:41

HP:   -10/219 (223) AC: 41    Str: 28    XL:     18   Next: 0%
MP:   9/9           EV: 10    Int: 13    God:    Trog [*****.]
Gold: 2671          SH:  9    Dex: 15    Spells: 17/17 levels left

rFire   + . .      SeeInvis +    o - +10 morningstar "Waopoex" {spect, rF- rN+ Str+3 SInv}
rCold   . . .      Faith    .    (no shield)
rNeg    + . .      Spirit   .    K - +5 plate armour of Taolosk {Harm +Inv rElec MP-9}
rPois   +          Reflect  +    m - +2 helmet {Int+3}
rElec   +          Rampage  .    V - scarf {repulsion}
rCorr   .          Harm     + +  B - +1 pair of gloves of the Reasonable God {Harm Str+3 Stlth+}
Will    ++...                    h - +2 pair of boots of Clean Awe {rElec} Stlth
                                 C - amulet of reflection
HPRegen 0.56/turn                F - ring of protection from fire
MPRegen 0.11/turn                S - ring of see invisible

@: berserking (expiring), lethally poisoned (-10 -> -32), lightly drained, repel
missiles, very quick
A: slimy green scales 3, demonic guardian 1, icemail 2, condensation shield,
weakness stinger 2, fire resistance 1, strong-willed 1, robust 1
a: Renounce Religion, Evoke Invisibility, Berserk, Trog's Hand, Brothers in Arms


You were on level 2 of the Snake Pit.
You worshipped Trog.
Trog was extremely pleased with you.
You visited 5 branches of the dungeon, and saw 27 of its levels.
You also visited: Gauntlet, Ice Cave and Wizlab.

You collected 3886 gold pieces.
You spent 1215 gold pieces at shops.

Inventory:

Hand Weapons
 a - the +10 war axe "Wiekor" {drain, rF+ Str+3 Stlth-}
   (You found it in an ice cave)

   Str:       It affects your strength (+3).
   rF:        It protects you from fire.
   Stlth:     It makes you less stealthy.
 b - a +7 arbalest of flaming
   (You found it in a Gauntlet)
 i - a +3 battleaxe of draining
   (You took it off an ancient champion in a wizard's laboratory)
 o - the +10 morningstar "Waopoex" (weapon) {spect, rF- rN+ Str+3 SInv}
   (You found it on level 14 of the Dungeon)

   Str:       It affects your strength (+3).
   rF:        It makes you vulnerable to fire.
   rN:        It protects you from negative energy.
   SInv:      It lets you see invisible.
Missiles
 v - 20 boomerangs (quivered)
 z - 9 datura-tipped darts
 D - 10 javelins
 G - 3 silver boomerangs
 L - 5 silver javelins
Armour
 h - the +2 pair of boots of Clean Awe (worn) {rElec}
   (You found it on level 3 of the Elven Halls)

   rElec:     It insulates you from electricity.
 m - a +2 helmet of intelligence (worn)
   (You found it in a Gauntlet)
 B - the +1 pair of gloves of the Reasonable God (worn) {Harm Str+3 Stlth+}
   (You found it in a Gauntlet)

   Str:       It affects your strength (+3).
   Harm:      It increases damage dealt and taken.
   Stlth:     It makes you more stealthy.
 K - the +5 plate armour of Taolosk (worn) {Harm +Inv rElec MP-9}
   (You found it on level 5 of the Lair of Beasts)

   rElec:     It insulates you from electricity.
   MP:        It affects your magic capacity (-9).
   +Inv:      It lets you turn invisible.
   Harm:      It increases damage dealt and taken.
 V - a scarf of repulsion (worn)
   (You found it on level 4 of the Lair of Beasts)
Jewellery
 q - an amulet of regeneration
   (You found it on level 3 of the Dungeon)
 w - a ring of flight
   (You bought it in a shop on level 2 of the Orcish Mines)
 C - an amulet of reflection (around neck)
   (You found it on level 7 of the Dungeon)
 F - a ring of protection from fire (left hand)
   (You found it on level 2 of the Lair of Beasts)
 I - a ring of protection from cold
   (You found it on level 15 of the Dungeon)
 N - a ring of positive energy
   (You found it on level 14 of the Dungeon)
 O - the ring "Venk" {rPois rC- rCorr Int+6}
   (You found it on level 2 of the Elven Halls)

   [ring of intelligence]

   Int:       It affects your intelligence (+6).
   rC:        It makes you vulnerable to cold.
   rPois:     It protects you from poison.
   rCorr:     It protects you from acid and corrosion.
 P - the amulet of Fiacug {Spirit rPois Stlth+}
   (You took it off a deep elf elementalist on level 3 of the Elven Halls)

   [amulet of guardian spirit]

   It causes incoming damage to be divided between your reserves of health and
   magic.
   rPois:     It protects you from poison.
   Stlth:     It makes you more stealthy.
 S - a ring of see invisible (right hand)
   (You took it off an orc wizard on level 3 of the Dungeon)
Wands
 d - a wand of iceblast (14)
   (You found it on level 4 of the Lair of Beasts)
 f - a wand of flame (41)
   (You found it on level 8 of the Dungeon)
 n - a wand of polymorph (12)
   (You found it in an ice cave)
 u - a wand of paralysis (14)
   (You found it on level 8 of the Dungeon)
 y - a wand of quicksilver (15)
   (You found it on level 4 of the Dungeon)
 A - a wand of mindburst (19)
   (You found it on level 4 of the Dungeon)
Scrolls
 c - 7 scrolls of fog
 e - 2 scrolls of brand weapon
 j - 6 scrolls of immolation {!r}
 k - 3 scrolls of summoning
 t - 15 scrolls of teleportation {@r4}
 E - 2 scrolls of noise {!r}
 T - a scroll of blinking
 U - 6 scrolls of fear
 W - 5 scrolls of poison {!r}
 Z - 3 scrolls of silence
Potions
 g - 5 potions of flight
 p - 6 potions of heal wounds {@q2}
 r - 13 potions of curing {@q1}
 s - 4 potions of cancellation
 x - 9 potions of mutation {!q}
 H - 9 potions of attraction {!q}
 J - a potion of invisibility
 R - 2 potions of might
 X - 3 potions of haste {@q3}
 Y - 4 potions of resistance
Miscellaneous
 l - a phantom mirror
   (You found it on level 11 of the Dungeon)
 M - a box of beasts
   (You found it on level 5 of the Lair of Beasts)
 Q - a tin of tremorstones (2/2)
   (You found it on level 11 of the Dungeon)


   Skills:
 - Level 10.4 Fighting
 - Level 4.1 Short Blades
 - Level 14.7(16.6) Axes
 + Level 9.3(13.2) Maces & Flails
 - Level 8.7(12.8) Polearms
 + Level 16.7 Ranged Weapons
 + Level 10.9 Armour
 + Level 4.3 Dodging
 + Level 4.1 Stealth
 - Level 10.0 Evocations


You had 17 spell levels left.
You didn't know any spells.
Your spell library was empty.

Dungeon Overview and Level Annotations

Branches:
Dungeon (15/15)            Temple (0/1) D:7            Lair (5/5) D:10
 Shoals (0/4) Lair:2        Snake (2/4) Lair:3        Slime (0/5) Lair:4
    Orc (2/2) D:11            Elf (3/3) Orc:2        Vaults (0/5) D:14
 Depths (0/4) D:15          IceCv (visited)          WizLab (visited)
Gauntlet (visited)

Altars:
Cheibriados
Dithmenos
Fedhas
Kikubaaqudgha
Nemelex Xobeh
Qazlal
Trog
Vehumet
Jiyva
Lugonu

Shops:
D:13 =   Orc:2 (?=*   Elf:3 ?

Portals:
Abyss: Lair:5

Annotations:
D:9 exclusion: ice statue
D:13 3 runed translucent doors, Zedil's ghost, journeyman VSBr
Elf:1 2 transporters, Kaobra's ghost, adept GnHW
Elf:2 3 runed translucent doors


Innate Abilities, Weirdness & Mutations

You are completely covered in slimy green scales. (AC +4, rPois)
A weak demonic guardian rushes to your aid.
A meltable icy envelope protects you from harm. (AC +8)
A meltable shield of frost defends you. (SH +4)
You have a tail ending in a sharp stinger.
Your flesh is heat resistant. (rF+)
You are strong-willed. (Will+)
You are robust. (+10% HP)


Message History

Trog accepts your kill.
You feel sick.
You hear a shout!
The naga mage points at the naga sharpshooter and mumbles some strange words.
The naga sharpshooter seems to grow toxic.
The black mamba barely misses you. The naga hits you with a +0 mace!!
* * * LOW HITPOINT WARNING * * *
The naga constricts you.
The naga sharpshooter shoots an arrow.
The arrow barely misses you. You block the black mamba's attack.
The naga barely misses you.
You hear an angry hiss.
You have reached level 18!
You bludgeon the naga!!
You kill the naga!
Trog accepts your kill.
You feel sick. You block the naga mage's attack.
The black mamba barely misses you. x2; The naga hits you but does no damage.
The naga constricts you.
* * * LOW HITPOINT WARNING * * *
A demonic guardian appears!
You puncture the naga!
You kill the naga!
Trog accepts your kill.
You feel sick. The black mamba bites you.
* * * LOW HITPOINT WARNING * * *
The naga mage gestures at the naga while chanting.
The naga seems to grow toxic.
The naga sharpshooter mumbles some strange words.
The black mamba bites you but does no damage.
Unknown command.
You puncture the naga sharpshooter!
* * * LOW HITPOINT WARNING * * *
You feel sick. The black mamba closely misses you.
The naga mage gestures at the naga sharpshooter while chanting.
The naga sharpshooter seems to grow toxic.
The black mamba barely misses you.
Your hellwing hits the black mamba! Your hellwing hits the black mamba.
Unknown command.
Unknown command.
You impale the naga sharpshooter!!
You kill the naga sharpshooter!
Trog accepts your kill.
Trog appreciates your killing of a magic user.
* * * LOW HITPOINT WARNING * * *
You feel sick. The black mamba closely misses you.
The naga spits poison at you.
The splash of poison hits you but does no damage.
You are more poisoned.
You have difficulty breathing.
You die...

###.......##
#.......##
#...#...>#
##.....###
#.......##
#.....>...# #####
##....#..###.N....
#.......†)).#..N.
#.......##@NNN....
#......##SS).S.###
#......#4......#
.........###..#
......... ...#
......... ###
....... ..#...#


You could see a naga warrior, a naga sharpshooter (strong, curare), a naga
ritualist (strong), 3 black mambas, a naga mage (fast, strong), a naga (strong,
curare, catching breath) and a friendly hellwing (summoned).

Vanquished Creatures
  An ancient lich (WizLab)
  4 deep elf blademasters
  A deep elf master archer (Elf:3)
  Agnes (D:14)
  An ancient champion (WizLab)
  A nagaraja (Snake:2)
  A frost giant (D:14)
  6 deep elf sorcerers
  3 deep elf elementalists (Elf:3)
  3 deep elf demonologists (Elf:3)
  A minotaur (Gauntlet)
  Azrael (D:13)
  9 deep elf annihilators
  An ettin (Orc:1)
  Josephine (D:15)
  Snorg (D:12)
  A deep elf high priest (Elf:3)
  An entropy weaver (shapeshifter) (D:14)
  4 deep elf death magi
  Fannar (D:10)
  An ice dragon (D:14)
  6 hydras
  9 two-headed ogres
  Erica (D:11)
  3 centaur warriors
  2 anacondas (Snake:1)
  14 dancing weapons
  6 boulder beetles
  5 death yaks (Lair:3)
  2 naga warriors
  A tengu warrior (D:14)
  2 thrashing horrors (Lair:5)
  Urug (D:12)
  3 orc high priests (Orc:2)
  12 deep elf knights
  2 naga sharpshooters
  Nergalle (Orc:1)
  A skyshark (Lair:4)
  4 shock serpents
  Amaemon (Lair:2)
  A salamander mystic (Snake:2)
  A shadow wraith (D:14)
  8 skeletal warriors
  A deep troll (D:14)
  Lodul (D:10)
  3 orc knights
  3 naga ritualists
  9 deep elf archers
  A sphinx zombie (D:15)
  A phantasmal warrior (D:14)
  20 deep elf pyromancers
  7 mana vipers
  A necromancer (Elf:1)
  8 ugly things
  An iron dragon zombie (D:15)
  21 deep elf zephyrmancers
  A stone giant zombie (D:15)
  4 orc sorcerers
  4 manticores
  5 cyclopes
  A guardian serpent (Snake:2)
  23 black mambas
  2 centaur zombies (D:11)
  A spectral centaur (D:11)
  4 elephants (Lair:4)
  A gargoyle (D:10)
  An orange demon (Lair:2)
  A smoke demon (Lair:5)
  3 ice statues (IceCv)
  A centaur skeleton (D:11)
  5 naga magi
  6 cane toads
  3 minotaur zombies (Gauntlet)
  2 rime drakes
  An efreet (D:15)
  3 yaktaurs (D:15)
  2 ancient zymes (Lair:5)
  6 komodo dragons
  2 freezing wraiths
  An anaconda simulacrum (IceCv)
  A tengu conjurer (D:14)
  A guardian mummy (D:15)
  8 trolls
  3 hornets
  6 meliai (D:14)
  22 blink frogs
  A meliai zombie (D:11)
  A culicivora (shapeshifter) (D:15)
  11 flying skulls (D:11)
  5 centaur simulacra
  12 slime creatures
  58 yaks
  A spriggan (Lair:5)
  4 air elementals
  4 shadows (D:11)
  4 ynoxinuls (Lair:5)
  5 water elementals
  5 fire elementals
  9 wraiths
  7 wyverns
  7 vampires
  10 basilisks
  4 steam dragons
  5 vampire mosquitoes
  2 chaos spawn (Lair:5)
  8 wargs (D:11)
  2 death yak simulacra (IceCv)
  8 large abominations
  6 two-headed ogre zombies (WizLab)
  16 nagas
  3 acid dragons
  10 water moccasins
  A hydra simulacrum (Gauntlet)
  3 hell hounds
  A sky beast (D:7)
  22 orc warriors
  A sky beast (shapeshifter) (D:10)
  A boulder beetle simulacrum (D:11)
  A meliai simulacrum (Gauntlet)
  4 black bears
  4 black mamba simulacra (D:11)
  4 ice beasts
  6 wolves
  15 ogres
  8 centaurs
  The ghost of Dittersdorf the Shield-Bearer, an amateur GrFi (D:3)
  A phantom (D:5)
  3 kobold brigands
  3 elf zombies (Elf:1)
  2 earth elementals
  6 bullfrogs
  2 gnoll sergeants
  A scorpion (D:4)
  10 wights
  6 troll zombies (WizLab)
  2 elephant simulacra (IceCv)
  A killer bee (D:10)
  5 electric eels
  4 howler monkeys
  15 small abominations
  5 hounds
  4 jellies
  25 orc priests
  A wyvern simulacrum (Gauntlet)
  A gnoll bouda (D:5)
  3 iguanas
  27 orc wizards
  6 hell rats (D:11)
  2 wolf simulacra (IceCv)
  5 ogre zombies (WizLab)
  7 gnolls
  8 adders
  2 shadow imps
  18 white imps
  2 worms
  3 dart slugs
  56 orcs
  14 endoplasms
  4 giant cockroaches
  9 goblins
  9 hobgoblins
  A jackal (D:1)
  21 kobolds
  5 quokkas
  11 ball pythons
  2 bats
  4 frilled lizards
  7 rats
934 creatures vanquished.

Vanquished Creatures (collateral kills)
  An orc warlord (Orc:1)
  2 two-headed ogres (Orc:1)
  A naga warrior (Snake:1)
  An orc high priest (Orc:2)
  A naga ritualist (Snake:1)
  A deep elf zephyrmancer (Elf:2)
  A wizard (Elf:2)
  An ugly thing (Lair:5)
  A centaur zombie (D:11)
  A cane toad (Lair:4)
  An efreet (D:14)
  A komodo dragon (Lair:4)
  2 blink frogs
  A wraith (D:11)
  A fire elemental (D:13)
  2 yaks (Lair:2)
  A basilisk (Lair:5)
  A harpy simulacrum (IceCv)
  A naga (Snake:2)
  A small abomination (Lair:5)
  An orc warrior (Orc:2)
  5 orc priests
  2 orc wizards (Orc:2)
  3 gnolls
  A worm (D:2)
  4 orcs
  A jackal (D:1)
  A quokka (D:1)
  A frilled lizard (D:1)
42 creatures vanquished.

Vanquished Creatures (others)
  2 deep elf knights
  A deep elf zephyrmancer (Elf:1)
  An orc warrior (D:11)
  A gnoll (D:8)
  A bush (Lair:3)
  37 fungi
  79 plants
  2 withered plants (D:15)
124 creatures vanquished.

Grand Total: 1100 creatures vanquished

Notes
Turn   | Place    | Note
-------+----------+-------------------------------------------
     0 | D:1      | Pooter the Demonspawn Berserker began the quest for the
                  | Orb.
     0 | D:1      | Reached XP level 1. HP: 18/18 MP: 1/1
   214 | D:1      | Gained mutation: A weak demonic guardian rushes to your
                  | aid. [demonic ancestry]
   214 | D:1      | Reached XP level 2. HP: 19/24 MP: 2/2
   516 | D:1      | Reached skill level 1 in Stealth
   649 | D:1      | Gained mutation: A meltable shield of frost defends you.
                  | (SH +4) [demonic ancestry]
   649 | D:1      | Reached XP level 3. HP: 28/29 MP: 3/3
   653 | D:1      | Reached ** piety under Trog
  1116 | D:2      | Upgraded the game from 0.30-a0-881-g1ff12e1e11 to
                  | 0.30-a0-883-g5ad918d77d
  1270 | D:2      | Noticed an ogre
  1281 | D:2      | Killed an ogre
  1282 | D:2      | Reached XP level 4. HP: 36/36 MP: 4/4
  1439 | D:2      | Reached XP level 5. HP: 42/42 MP: 5/5
  2592 | D:3      | Gained mutation: You have a small tail. [demonic ancestry]
  2592 | D:3      | Reached XP level 6. HP: 48/48 MP: 6/6
  2642 | D:3      | Found a blossoming altar of Fedhas.
  2645 | D:3      | Found a radiant altar of Vehumet.
  2645 | D:3      | Found a stormy altar of Qazlal.
  2652 | D:3      | Found a snail-covered altar of Cheibriados.
  2824 | D:3      | Found a runed translucent door.
  2832 | D:3      | Noticed Dittersdorf's ghost (amateur GrFi)
  2929 | D:3      | Killed Dittersdorf's ghost
  3111 | D:4      | Identified the +3 rapier of Armageddon {flame, rN+}
  3426 | D:4      | Reached XP level 7. HP: 55/55 MP: 7/7
  3480 | D:4      | Reached skill level 1 in Short Blades
  3480 | D:4      | Reached skill level 1 in Ranged Weapons
  3722 | D:5      | Entered Level 5 of the Dungeon
  3791 | D:5      | Found a shadowy altar of Dithmenos.
  3942 | D:5      | Reached skill level 2 in Ranged Weapons
  3942 | D:5      | Reached skill level 1 in Evocations
  4420 | D:6      | Reached *** piety under Trog
  4422 | D:6      | Gained mutation: A meltable icy envelope protects you from
                  | harm. (AC +8) [demonic ancestry]
  4422 | D:6      | Reached XP level 8. HP: 61/61 MP: 8/8
  4606 | D:6      | Noticed a troll
  4613 | D:6      | Reached skill level 5 in Fighting
  4613 | D:6      | Reached skill level 3 in Ranged Weapons
  4619 | D:6      | Killed a troll
  4945 | D:6      | Reached skill level 4 in Ranged Weapons
  5061 | D:6      | Found a bloodstained altar of Trog.
  5105 | D:6      | Reached skill level 5 in Axes
  5538 | D:7      | Gained mutation: A meltable icy envelope protects you from
                  | harm. (AC +8) [demonic ancestry]
  5538 | D:7      | Reached XP level 9. HP: 69/69 MP: 9/9
  5702 | D:7      | Found a sparkling altar of Nemelex Xobeh.
  5829 | D:7      | Found a staircase to the Ecumenical Temple.
  6066 | D:7      | Paralysed by a hornet for 3 turns
  6070 | D:7      | Paralysed by a hornet for 3 turns
  6079 | D:7      | Reached skill level 5 in Ranged Weapons
  6955 | D:8      | You fall into a shaft and drop 3 floors!
  7085 | D:11     | Reached skill level 6 in Ranged Weapons
  7123 | D:10     | Entered Level 10 of the Dungeon
  7161 | D:10     | Reached XP level 10. HP: 77/77 MP: 10/10
  7249 | D:10     | Reached skill level 5 in Evocations
  7255 | D:10     | Reached skill level 7 in Ranged Weapons
  7355 | D:10     | Noticed Lodul
  7362 | D:10     | Killed Lodul
  7443 | D:9      | Identified the +9 dagger of Bread {heavy, rElec Dex+3}
  8462 | D:9      | Noticed an ice statue
  8826 | D:9      | Reached skill level 8 in Ranged Weapons
  8868 | D:9      | Identified the +6 whip "Lutaw" {vamp, rElec rF+ Str+3}
  9117 | D:10     | Noticed a two-headed ogre
  9128 | D:9      | Killed a two-headed ogre
  9129 | D:9      | Reached XP level 11. HP: 85/85 MP: 11/11
  9477 | D:10     | Noticed Fannar
  9488 | D:10     | Killed Fannar
  9536 | D:10     | Gained mutation: You passively map a small area around you.
                  | [potion of mutation]
  9536 | D:10     | Gained mutation: You are occasionally teleported next to
                  | monsters. [potion of mutation]
  9536 | D:10     | Gained mutation: You have a somewhat thin skeletal
                  | structure. (Dex +2, Stealth+) [potion of mutation]
  9537 | D:10     | Lost mutation: You have a somewhat thin skeletal structure.
                  | (Dex +2, Stealth+) [potion of mutation]
  9537 | D:10     | Lost mutation: You are occasionally teleported next to
                  | monsters. [potion of mutation]
  9537 | D:10     | Gained mutation: You passively dampen the noise of your
                  | surroundings. [potion of mutation]
  9537 | D:10     | Gained mutation: You sometimes lose your temper in combat.
                  | [potion of mutation]
  9537 | D:10     | Gained mutation: You are robust. (+10% HP) [potion of
                  | mutation]
  9538 | D:10     | Lost mutation: You passively dampen the noise of your
                  | surroundings. [potion of mutation]
  9538 | D:10     | Lost mutation: You passively map a small area around you.
                  | [potion of mutation]
  9538 | D:10     | Lost mutation: You sometimes lose your temper in combat.
                  | [potion of mutation]
  9538 | D:10     | Gained mutation: You are strong-willed. (Will+) [potion of
                  | mutation]
  9538 | D:10     | Gained mutation: Your flesh is heat resistant. (rF+)
                  | [potion of mutation]
  9917 | D:10     | Reached skill level 9 in Ranged Weapons
  9946 | D:10     | Found a staircase to the Lair.
 10332 | D:10     | Noticed a two-headed ogre
 10343 | D:10     | Killed a two-headed ogre
 10428 | D:10     | Noticed a two-headed ogre
 10456 | D:10     | Killed a two-headed ogre
 10469 | D:10     | Reached skill level 10 in Axes
 10916 | D:10     | Noticed a deep elf pyromancer
 10930 | D:10     | Killed a deep elf pyromancer
 11115 | Lair:1   | Entered Level 1 of the Lair of Beasts
 11354 | Lair:1   | Gained mutation: You have a tail ending in a sharp stinger.
                  | [demonic ancestry]
 11354 | Lair:1   | Reached XP level 12. HP: 91/103 MP: 12/12
 11432 | Lair:1   | Reached skill level 10 in Ranged Weapons
 12003 | Lair:2   | Noticed Amaemon
 12015 | Lair:2   | Killed Amaemon
 12113 | Lair:2   | Noticed a boulder beetle
 12149 | Lair:2   | Killed a boulder beetle
 12288 | Lair:2   | Noticed a five-headed hydra
 12293 | Lair:2   | Killed a five-headed hydra
 12312 | Lair:2   | Found a staircase to the Shoals.
 13150 | Lair:3   | Noticed a death yak
 13151 | Lair:3   | Noticed a death yak
 13152 | Lair:3   | Noticed a death yak
 13152 | Lair:3   | Noticed a death yak
 13152 | Lair:3   | Noticed a death yak
 13172 | Lair:3   | Killed a death yak
 13173 | Lair:3   | Reached skill level 11 in Ranged Weapons
 13179 | Lair:3   | Killed a death yak
 13186 | Lair:3   | Killed a death yak
 13200 | Lair:3   | Killed a death yak
 13206 | Lair:3   | Killed a death yak
 13383 | Lair:3   | Reached XP level 13. HP: 87/112 MP: 13/13
 13571 | Lair:3   | Found a staircase to the Snake Pit.
 13905 | Lair:4   | Found a staircase to the Slime Pits.
 13905 | Lair:4   | Found a viscous altar of Jiyva.
 14404 | Lair:4   | Reached skill level 10 in Fighting
 14847 | Lair:5   | Entered Level 5 of the Lair of Beasts
 14885 | Lair:5   | Found a gate leading to a gauntlet.
 14914 | Lair:5   | Reached skill level 12 in Ranged Weapons
 14957 | Lair:5   | Identified the +5 plate armour of Taolosk {Harm +Inv rElec
                  | MP-9}
 14982 | Gauntlet | Entered a Gauntlet
 14982 | Gauntlet | Found a transporter.
 14982 | Gauntlet | Found a transporter.
 14982 | Gauntlet | Found a runed translucent gate.
 14985 | Gauntlet | Found a runed translucent gate.
 14986 | Gauntlet | Found a runed translucent gate.
 14989 | Gauntlet | Found a transporter.
 14991 | Gauntlet | Found a transporter.
 15020 | Gauntlet | Found a transporter.
 15045 | Gauntlet | Found a transporter.
 15058 | Gauntlet | Found a transporter.
 15058 | Gauntlet | Found a transporter.
 15058 | Gauntlet | Found a transporter.
 15060 | Gauntlet | Found a runed translucent door.
 15066 | Gauntlet | Identified the amulet of Totaehah {Faith Rampage}
 15141 | Gauntlet | Found a runed translucent door.
 15151 | Gauntlet | Found a transporter.
 15156 | Gauntlet | Identified the +1 pair of gloves of the Reasonable God
                  | {Harm Str+3 Stlth+}
 15160 | Gauntlet | Found a transporter.
 15200 | Gauntlet | Noticed a minotaur
 15214 | Gauntlet | Killed a minotaur
 15503 | Lair:5   | Reached skill level 1 in Polearms
 18785 | Lair:5   | Gained mutation: You are partially covered in slimy green
                  | scales. (AC +2) [demonic ancestry]
 18785 | Lair:5   | Reached XP level 14. HP: 122/122 MP: 5/14
 20627 | Lair:5   | Reached skill level 13 in Ranged Weapons
 21524 | Lair:5   | Found a corrupted altar of Lugonu.
 21524 | Lair:5   | Found a one-way gate to the infinite horrors of the Abyss.
 22166 | D:11     | Reached skill level 5 in Polearms
 25412 | D:11     | Found a staircase to the Orcish Mines.
 25585 | D:11     | Found an ancient bone altar of Kikubaaqudgha.
 25653 | D:11     | Reached **** piety under Trog
 26150 | D:12     | Noticed Snorg
 26155 | D:12     | Killed Snorg
 26304 | D:12     | Found a frozen archway.
 26335 | IceCv    | Entered an ice cave
 26728 | IceCv    | Identified the +10 war axe "Wiekor" {drain, rF+ Str+3
                  | Stlth-}
 27024 | D:12     | Noticed Urug
 27041 | D:12     | Killed Urug
 27561 | D:13     | Found Joicumau's Jewellery Boutique.
 28196 | D:13     | Noticed Azrael
 28201 | D:13     | Killed Azrael
 28228 | D:13     | Found a runed translucent gate.
 28228 | D:13     | Found a runed translucent gate.
 28228 | D:13     | Found a runed translucent gate.
 28233 | D:13     | Noticed Zedil's ghost (journeyman VSBr)
 28283 | D:13     | Reached skill level 14 in Ranged Weapons
 28630 | D:14     | Reached skill level 5 in Armour
 28630 | D:14     | Gained mutation: You are mostly covered in slimy green
                  | scales. (AC +3) [demonic ancestry]
 28630 | D:14     | Reached XP level 15. HP: 128/128 MP: 6/15
 29025 | D:14     | Noticed a frost giant
 29036 | D:14     | Killed a frost giant
 29216 | D:14     | Identified the +10 morningstar "Waopoex" {spect, rF- rN+
                  | Str+3 SInv}
 29720 | D:14     | Found a gate to the Vaults.
 29755 | D:15     | Entered Level 15 of the Dungeon
 29876 | D:14     | Reached skill level 1 in Maces & Flails
 29878 | D:15     | Noticed Agnes
 29885 | D:14     | Killed Agnes
 30605 | D:15     | Reached ***** piety under Trog
 31009 | D:15     | Found a staircase to the Depths.
 31557 | D:15     | Noticed Josephine
 31566 | D:15     | Killed Josephine
 31892 | Orc:1    | Entered Level 1 of the Orcish Mines
 31893 | Orc:1    | Noticed Erica
 31901 | D:11     | Killed Erica
 32479 | Orc:2    | Entered Level 2 of the Orcish Mines
 32479 | Orc:2    | Found a staircase to the Elven Halls.
 32545 | Orc:1    | Found a transporter.
 32563 | Orc:1    | Found a transporter.
 32766 | Orc:1    | Noticed Nergalle
 32778 | Orc:1    | Killed Nergalle
 32963 | Orc:1    | Reached skill level 10 in Evocations
 32984 | Orc:1    | Received a gift from Trog
 40206 | Orc:2    | Found Echuhuj's General Store.
 40206 | Orc:2    | Found Reucriuh's Magic Scroll Emporium.
 40207 | Orc:2    | Found Mywaemy's Weapon Emporium.
 40211 | Orc:2    | Found Daos's Jewellery Shoppe.
 40214 | Orc:2    | Bought a wand of paralysis (2) for 72 gold pieces
 40215 | Orc:2    | Bought a ring of flight for 227 gold pieces
 40219 | Orc:2    | Bought a scroll of silence for 114 gold pieces
 40219 | Orc:2    | Bought a scroll of enchant armour for 90 gold pieces
 40219 | Orc:2    | Bought a scroll of immolation for 48 gold pieces
 40219 | Orc:2    | Bought a scroll of enchant armour for 90 gold pieces
 40219 | Orc:2    | Bought a scroll of enchant weapon for 90 gold pieces
 40219 | Orc:2    | Bought 3 scrolls of brand weapon for 342 gold pieces
 40450 | Elf:1    | Entered Level 1 of the Elven Halls
 40700 | Elf:1    | Gained mutation: You are completely covered in slimy green
                  | scales. (AC +4, rPois) [demonic ancestry]
 40700 | Elf:1    | Reached XP level 16. HP: 100/135 MP: 7/16
 41751 | Elf:1    | Paralysed by an air elemental for 1 turns
 41757 | Elf:1    | Paralysed by an air elemental for 1 turns
 41762 | Elf:1    | Paralysed by an air elemental for 1 turns
 41766 | Elf:1    | Paralysed by an air elemental for 1 turns
 41769 | Elf:1    | Paralysed by an air elemental for 1 turns
 41771 | Elf:1    | Found a transporter.
 41771 | Elf:1    | Noticed a deep elf blademaster
 42081 | Elf:1    | Found a transporter.
 42084 | Elf:1    | Found a bloodstained altar of Trog.
 42095 | Elf:1    | Noticed Kaobra's ghost (adept GnHW)
 42095 | Elf:1    | Noticed a deep elf blademaster
 42096 | Elf:1    | Noticed a deep elf blademaster
 42840 | Elf:2    | Reached skill level 15 in Ranged Weapons
 42841 | Elf:2    | Reached skill level 5 in Maces & Flails
 42898 | Elf:2    | Found a magical portal.
 42901 | WizLab   | Entered Zonguldrok's Shrine
 45620 | WizLab   | Noticed an ancient champion
 45622 | WizLab   | Killed an ancient champion
 45655 | WizLab   | Noticed an antique lich
 45667 | WizLab   | Killed an antique lich
 46116 | Elf:2    | Paralysed by an air elemental for 1 turns
 46118 | Elf:2    | Paralysed by an air elemental for 1 turns
 46794 | Elf:2    | Identified the ring "Venk" {rPois rC- rCorr Int+6}
 46878 | Elf:2    | Found a runed translucent gate.
 46878 | Elf:2    | Found a runed translucent gate.
 46881 | Elf:2    | Found a runed translucent gate.
 47426 | Elf:3    | Entered Level 3 of the Elven Halls
 47602 | Elf:3    | Paralysed by an air elemental for 1 turns
 47772 | Elf:3    | Found Pepid's Magic Scroll Boutique.
 47789 | Elf:3    | Bought a scroll of silence for 142 gold pieces
 48014 | Elf:3    | Reached XP level 17. HP: 92/141 MP: 8/17
 48555 | Elf:3    | Noticed a deep elf blademaster
 48568 | Elf:3    | Killed a deep elf blademaster
 48639 | Elf:3    | Identified the +5 falchion of Causality {speed, rElec
                  | Dex+5}
 48639 | Elf:3    | Identified the amulet of Fiacug {Spirit rPois Stlth+}
 48664 | Elf:3    | Noticed a deep elf blademaster
 48668 | Elf:3    | Noticed a deep elf blademaster
 48674 | Elf:2    | Killed a deep elf blademaster
 48703 | Elf:3    | Killed a deep elf blademaster
 49086 | Elf:3    | Noticed a deep elf master archer
 49089 | Elf:3    | Killed a deep elf master archer
 49885 | Elf:3    | Reached skill level 16 in Ranged Weapons
 50005 | Elf:3    | Noticed an Ice Fiend
 50748 | Elf:3    | Noticed a deep elf blademaster
 50758 | Elf:2    | Killed a deep elf blademaster
 52376 | Elf:3    | Identified the +3 plate armour of Boredom {Harm Will++ MP+9
                  | Int-4}
 52653 | Elf:3    | Identified the +8 dagger of Culiun {pain, Dex+5}
 54245 | Elf:3    | Reached skill level 10 in Armour
 55797 | Elf:3    | Noticed a Tzitzimitl
 55994 | Elf:3    | Identified the +1 scale mail "Naapur" {rPois rCorr Int+3
                  | Dex+2}
 56034 | Elf:3    | Identified the +1 scale mail of Selaxuup {rF+ Will+ Dex+2}
 56042 | Elf:3    | Identified the +2 pair of boots of Clean Awe {rElec}
 56093 | Elf:3    | Identified the +0 chain mail of the Desert {rF+}
 56356 | Elf:1    | Noticed a deep elf blademaster
 56555 | Snake:1  | Entered Level 1 of the Snake Pit
 58704 | Snake:2  | Reached XP level 18. HP: 13/146 MP: 9/18
 58704 | Snake:2  | HP: 10/219 [constriction (1)]
 58705 | Snake:2  | HP: 4/219 [black mamba (5)]
 58707 | Snake:2  | Asphyxiated

Illustrated notes

Levels and vault maps discovered:
D:1:      lemuel_arrival_hallway, layout_basic, minmay_misc_feat_tiny,
          corexii_item_surrounded_by_moat
D:2:      layout_basic, lexackson_kobold_supper
D:3:      layout_basic, minmay_overflow_temple_hex, ebering_ghost_sewer_d
D:4:      layout_rooms, minmay_vboxes
D:5:      layout_loops_cross, mainiacjoe_overflow_six_doors_small,
          chequers_hall_statues_corner_a, water_boxes_lemuel
D:6:      layout_cave_pods, mainiacjoe_overflow_tiny_flanked
D:7:      layout_basic, nemelex_xobeh_ov_fountains_minmay,
          minmay_temple_entry_junction_2, grunt_ministairs_2
D:8:      layout_gridville
D:9:      layout_irregular_city, minivault_14, nicolae_water_bricks,
          minivault_16
D:10:     nzn_winding_woodlands_three_and_one [nzn_winding_woodlands_5x15_cabin,
          nzn_winding_woodlands_5x15_eye, nzn_winding_woodlands_5x15_garden,
          nzn_winding_woodlands_center_diamonds], layout_layer_cave,
          minmay_lair_entry_grove, minmay_bent, uniq_lodul, uniq_fannar
D:11:     lemuel_vampire_tower, layout_gridville, minmay_orc_entry_guard_dogs
D:12:     layout_gridville, portal_ice_cave_entry_imps, uniq_urug, uniq_snorg
D:13:     layout_loops_ring, serial_shops, nicolae_shop_advertising_works
          [nicolae_subvault_shop_adworks], serial_rivers,
          chequers_serial_rivers_room_b, chequers_serial_rivers_room_b,
          chequers_serial_rivers_micro_a, chequers_serial_rivers_room_b,
          chequers_serial_rivers_large_b, chequers_serial_rivers_micro_d,
          gammafunk_ghost_necromancy, uniq_azrael
D:14:     kennysheep_water_balloons, layout_irregular_city, david_vaults_4
D:15:     gammafunk_depths_entry_grave, layout_grid_maze, reono_crystal_passage,
          minivault_27, uniq_josephine, uniq_agnes
Lair:1:   layout_loops_ring, grunt_megastairs_5, serial_bayou_shore_a
Lair:2:   layout_roguey, minmay_shoals_entry_centaurs, uniq_amaemon
Lair:3:   layout_regular_city, dummy_snake_entry
Lair:4:   layout_gridlike, nicolae_slime_entry_slimehenge,
          infiniplex_staircase_pool_2
Lair:5:   hellmonk_lair_end_abyssal_woods, layout_gridlike,
          gauntlet_entry_generic, hibernation_bobbens
Snake:1:  layout_onion
Snake:2:  layout_cave_shapes, nicolae_snake_shapes, uniq_vashnia
Orc:1:    gammafunk_beogh_shrine, layout_caves, uniq_erica, uniq_nergalle
Orc:2:    st_orc_mages, layout_diamond_mine
Elf:1:    eino_elf_arrival_customs, layout_geoelf_octagon,
          gammafunk_ghost_wrathful_warriors, minmay_elf_necromancy,
          nicolae_twisting_strands, minivault_4
Elf:2:    elven_hall_of_blades_hangedman_original
          [nicolae_blade_entry_antechamber], layout_loops_corners,
          mu_enter_wizlab_7, laboratory
Elf:3:    minmay_elf_hall_furrowed, layout_geoelf_octagon, serial_shops, shop,
          serial_glass, glass_columns_a, glass_columns_b, item_on_display_a,
          minmay_strange_pillars, item_on_display_a, item_on_display_a

Skill      XL: |  1  2  3  4  5  6  7  8  9 10 11 12 13 14 15 16 17 |
---------------+----------------------------------------------------+-----
Dodging        | 2 3 4 |  4.3
Axes           | 3 4 5 7 8 10 11 12 14 | 14.7
Stealth        | 1 2 3 4 |  4.1
Fighting       | 4 5 6 7 8 9 10 | 10.4
Short Blades   | 2 4 |  4.1
Ranged Weapons | 2 4 6 8 9 11 12 14 15 16 | 16.7
Evocations     | 1 3 4 6 7 8 9 10 | 10.0
Polearms       | 4 8 |  8.7
Armour         | 5 6 9 10 | 10.9
Maces & Flails | 3 7 9 |  9.3

Action                     |  1- 3 |  4- 6 |  7- 9 | 10-12 | 13-15 | 16-18 || total
---------------------------+-------+-------+-------+-------+-------+-------++-------
  Melee: Hand axe          |   123 |   149 |    98 |   749 |   294 |       ||  1413
         Flail             |       |    94 |       |       |       |       ||    94
         Punch             |       |     4 |       |       |     1 |     2 ||     7
         Rapier            |       |    10 |   149 |       |       |       ||   159
         Tailslap          |       |     4 |    35 |   152 |   132 |    43 ||   366
         Dagger            |       |       |       |     7 |       |       ||     7
         Glaive            |       |       |       |       |   237 |       ||   237
         War axe           |       |       |       |       |   215 |   242 ||   457
         Morningstar       |       |       |       |       |     7 |    82 ||    89
   Fire: Sling             |       |     9 |    50 |    34 |    18 |       ||   111
         Arbalest          |       |       |       |       |   467 |   418 ||   885
  Throw: Stone             |       |    20 |       |       |       |       ||    20
         Dart              |       |       |    14 |    30 |     6 |       ||    50
         Boomerang         |       |       |       |       |    20 |     6 ||    26
         Javelin           |       |       |       |       |       |     4 ||     4
 Invoke: Berserk           |     2 |     9 |     9 |    13 |    10 |    15 ||    58
         Trog's Hand       |     1 |     7 |     6 |    25 |    35 |    23 ||    97
         Brothers in Arms  |       |       |       |       |     2 |     1 ||     3
Ability: Evoke Invisibilit |       |       |       |       |     1 |     1 ||     2
  Evoke: Wand              |       |       |     4 |    30 |     8 |     3 ||    45
         Phantom mirror    |       |       |       |       |     1 |       ||     1
         Tin of tremorston |       |       |       |       |     2 |     5 ||     7
    Use: Potion            |     3 |       |     1 |     7 |     6 |     6 ||    23
         Scroll            |     2 |     2 |    10 |    12 |    13 |     7 ||    46
   Stab: Distracted        |       |       |       |     2 |     1 |     6 ||     9
         Paralysed         |       |       |       |    17 |       |       ||    17
         Invisible         |       |       |       |       |     9 |     1 ||    10
 Armour: Animal skin       |    19 |       |       |       |       |       ||    19
         Chain mail        |       |    67 |   122 |   287 |   115 |       ||   591
         Plate armour      |       |       |       |       |   479 |   291 ||   770
  Dodge: Dodged            |    62 |   115 |   129 |   328 |   613 |   145 ||  1392
         Repelled          |       |       |       |       |    12 |    27 ||    39
  Block: Other             |     7 |    14 |       |       |   266 |   150 ||   437
         Buckler           |       |    44 |    82 |       |       |       ||   126
         Kite shield       |       |       |    36 |   431 |   154 |       ||   621
         Reflection        |       |       |       |       |    14 |    17 ||    31

Table legend: (Time is in decaauts)
 A = Elapsed time spent in this place.
 B = Non-inter-level travel time spent in this place.
 C = Inter-level travel time spent in this place.
 D = Time resting spent in this place.
 E = Time spent auto-exploring this place.
 F = Levels seen in this place.
 G = Mean time per level.
                   A        B        C        D        E       F      G
               +--------+--------+--------+--------+--------+-----+--------+
         Total |  59905 |  58233 |   1672 |  33059 |  15597 |  30 | 1996.8 |
       Dungeon |  21636 |  20538 |   1098 |   6770 |   9442 |  15 | 1442.4 |
          Lair |  10507 |  10260 |    247 |   5510 |   2869 |   5 | 2101.4 |
     Snake Pit |   2196 |   2175 |     21 |   1163 |    724 |   2 | 1098.0 |
  Orcish Mines |   8607 |   8513 |     94 |   7152 |    752 |   2 | 4303.5 |
   Elven Halls |  12942 |  12732 |    210 |   9218 |   1758 |   3 | 4314.0 |
      Ice Cave |    482 |    482 |      0 |    284 |      0 |   1 |  482.0 |
        Wizlab |   3161 |   3161 |      0 |   2833 |     39 |   1 | 3161.0 |
      Gauntlet |    370 |    370 |      0 |    128 |     13 |   1 |  370.0 |
               +--------+--------+--------+--------+--------+-----+--------+

Top non-repeatable levels by time:
   Elf:3: 8149 daAuts
   Orc:2: 7483 daAuts
  Lair:5: 6575 daAuts
    D:11: 4715 daAuts
  WizLab: 3161 daAuts
   Elf:1: 2456 daAuts
   Elf:2: 2337 daAuts
    D:10: 2270 daAuts
 Snake:1: 2003 daAuts
    D:15: 1861 daAuts
    D:14: 1471 daAuts
     D:9: 1219 daAuts
    D:13: 1195 daAuts
     D:3: 1193 daAuts
     D:6: 1134 daAuts
